AoeStats
← Vilo41

Arabia

510342298Analyzed
1v1 RM · 1d ago on Sep 30, 2026· 39m 27s· 2 players
Game mode
Random Map
Map size
Tiny (2 player)
Population
200
Speed
Normal
Resources
Standard
Victory
Conquest
Starting age
Dark Age
Ending age
Imperial Age
RankedLock teamsTeams togetherTeam positionsShared explorationLock speedFull tech treeHidden civsTurbo modeCheats
Victory
Defeat
🇺🇸 Franks · United States
514
+13
🇻🇪 Franks · Venezuela
457
-13
Vilo41
10:58 Feudal Age
11:41 Man-at-Arms
14:07 Double-Bit Axe
21:08 Town Watch
23:27 Castle Age
21:41 Fletching
22:47 Padded Archer Armor
24:15 Forging
24:48 Wheelbarrow
24:06 Crossbowman
26:01 Bodkin Arrow
33:13 Town Watch
36:05 Hand Cart
36:02 Squires
37:16 Bow Saw
Skibidi Chungus
7:22 Loom
9:58 Feudal Age
12:30 Wheelbarrow
20:26 Castle Age
19:34 Scale Barding Armor
19:41 Forging
21:13 Husbandry
22:27 Chain Barding Armor
23:10 Iron Casting
38:33 Imperial Age
39:51 Plate Barding Armor
40:17 Blast Furnace
38:39 Cavalier
Connection lost

Rejoining the realm…

Still unreachable

The connection could not be restored.

Session expired

The server has moved on; the page needs a fresh start.